 Dungeon Crawl Stone Soup version 0.31-a0-441-g867994ef1c (webtiles) character file.

Game seed: 1858002584908510930

23 MackTheKnife the Ruffian (level 2, 0/21 HPs)
             Began as a Demonspawn Shapeshifter on Aug 2, 2023.
             Constricted to death by a ball python (1 damage)
             ... on level 2 of the Dungeon.
             The game lasted 00:00:56 (988 turns).

MackTheKnife the Ruffian (Demonspawn Shapeshifter)   Turns: 988, Time: 00:00:57

Health: 0/21       AC:  2    Str: 15    XL:     2   Next: 72%
Magic:  2/2        EV:  9    Int:  9    God:
Gold:   47         SH:  0    Dex: 13    Spells: 1/1 levels left

rFire   . .          .
                       - Unarmed
rCold   . . .        (no shield)
rNeg    . . .        a - +0 animal skin
rPois   .            (helmet currently unavailable)
rElec   .            l - melded +0 cloak
rCorr   .            (gloves currently unavailable)
SInv    .            (boots currently unavailable)
Will    .....        (no amulet)
Stlth   +            (no ring)
HPRegen 0.23/turn    (no ring)
MPRegen 0.08/turn

%: no passive effects
@: beast-form, constricted
A: beast (slay +2), powered by death 1
a: Begin Untransformation


You were on level 2 of the Dungeon.
You were a hulking beast.
You visited 1 branch of the dungeon, and saw 2 of its levels.

You collected 47 gold pieces.


Innate Abilities, Weirdness & Mutations

You are a hulking beast.
Your limbs bulge with bestial killing power. (Slay +2)
You regenerate a little health from kills.


   Skills:
 - Level 1.0 Fighting
 - Level 1.7 Dodging
 + Level 3.2 Unarmed Combat
 + Level 3.0 Shapeshifting


You had one spell level left.
You didn't know any spells.
Your spell library contained the following spells:

 Spells                   Type           Power      Damage    Failure   Level
 Cigotuvi's Dreadful Rot  Necr/Pois/Air  0%         N/A       52%         2
 Ignite Poison            Fire/Tmut/Pois 0%         N/A       77%         3
 Freezing Cloud           Conj/Ice/Air   0%         6-21      100%        5

Inventory:

Hand Weapons
 h - a +0 dagger {short}
   (You took it off a goblin on level 1 of the Dungeon)
Armour
 a - a +0 animal skin (worn)
 l - a +0 cloak (melded)
   (You found it on level 1 of the Dungeon)
Talismans
 c - a beast talisman (active)
Scrolls
 d - 2 scrolls of identify {unknown}
 e - a scroll of amnesia {unknown}
 m - a scroll of poison {unknown}
 o - a scroll of teleportation {unknown}
Potions
 b - a potion of lignification {!q}
 f - a potion of haste {unknown}
 g - a potion of might {unknown}
 i - 2 potions of curing {unknown}
 j - 2 potions of resistance {unknown}
 k - a potion of enlightenment {unknown}
 n - a potion of heal wounds {unknown}

Dungeon Overview and Level Annotations

Branches:
Dungeon (2/15) Zot: 11011

Altars:

#.. #.....## #.. .
#......# ######.. $.
#.....## #...##.. ...
#......####...#### ....
#....# #......#
.....##....#++..)...###
#...K...............##
#...lh†.†........##..#
#...S................#
#.....................
#....)................
#..!........###.....(.
#...........# #....)..
############# #....)#.
#.....#. #.....##


You could see a ball python, a kobold and a frilled lizard.


Message History

The ball python hisses angrily.
The hobgoblin hits you but does no damage.
You hit the hobgoblin. The ball python barely misses you. x2
The hobgoblin hits you. 😕 HP[-1]
You take 1 damage, and now have 20/21 hp.
You barely miss the hobgoblin. The ball python bites you.
The ball python closely misses you.
The hobgoblin barely misses you. 😕 HP[-1]
You take 1 damage, and now have 19/21 hp.
You hit the hobgoblin.
You kill the hobgoblin!
The ball python bites you but does no damage.
The ball python grabs you.
The ball python constricts you. 😕 HP[+1]
You hit the ball python. The ball python bites you.
The ball python constricts you.
A ball python comes into view.
The ball python barely misses you.
The ball python constricts you. 😕 HP[-3]
You take 3 damage, and now have 17/21 hp.
The ball python hisses angrily.
You hit the ball python.
You kill the ball python!
A ball python comes into view. 😕 HP[+2]
You regained 2 hp, and now have 19/21 hp.
A kobold comes into view. It is wielding a +0 club.
You see here a hobgoblin corpse. 😕 HP[+1] 😎 HP[+1]
Your hp is fully restored (21).
The kobold shouts!
You hit the ball python.
You kill the ball python!
You hear an angry hiss.
A ball python comes into view.
A frilled lizard comes into view.
The frilled lizard hisses angrily.
You see here a ball python corpse.
The ball python barely misses you. The ball python grabs you.
The ball python constricts you.
You hit the ball python.
You kill the ball python!
The kobold barely misses you.
You closely miss the kobold. The frilled lizard misses you.
The kobold closely misses you. The ball python closely misses you.
The ball python grabs you. The ball python constricts you.
You barely miss the ball python. The ball python bites you.
The ball python constricts you. The frilled lizard misses you.
The kobold hits you with a +0 club. 😕 HP[-3]
You take 3 damage, and now have 18/21 hp.
You barely miss the ball python. The ball python bites you.
The ball python constricts you. The frilled lizard bites you.
The kobold hits you but does no damage. 😮 HP[-4]
You take 4 damage, and now have 14/21 hp.
You are too injured to fight recklessly!
You are too injured to fight recklessly!
You are too injured to fight recklessly!
You are too injured to fight recklessly!
You are too injured to fight recklessly!
You are too injured to fight recklessly!
You are too injured to fight recklessly!
You are too injured to fight recklessly!
You are too injured to fight recklessly!
You are too injured to fight recklessly!
You are too injured to fight recklessly!
You are too injured to fight recklessly!
You are too injured to fight recklessly!
You are too injured to fight recklessly!
Unknown command.
You hit the ball python but do no damage.
The ball python bites you. The ball python constricts you.
The frilled lizard bites you. The kobold hits you with a +0 club.
* * * LOW HITPOINT WARNING * * *
😨 HP[-6]
You take 6 damage, and now have 8/21 hp.
MASSIVE DAMAGE!! (PAUSE)
You closely miss the ball python. The ball python closely misses you.
The ball python constricts you.
* * * LOW HITPOINT WARNING * * *
The frilled lizard barely misses you. The kobold hits you with a +0 club.
* * * LOW HITPOINT WARNING * * *
The ball python bites you.
* * * LOW HITPOINT WARNING * * *
The ball python constricts you.
* * * LOW HITPOINT WARNING * * *
😱 HP[-5]
You take 5 damage, and now have 3/21 hp.
MASSIVE DAMAGE!! (PAUSE)
You closely miss the ball python.
The frilled lizard bites you but does no damage.
The kobold completely misses you. The ball python bites you.
* * * LOW HITPOINT WARNING * * *
The ball python constricts you.
You die...

Skill      XL: |  1  2 |
---------------+-------+-----
Unarmed Combat | 3 |  3.2
Shapeshifting  | 3 |  3.0
Fighting       | |  1.0
Dodging        | |  1.7

Action                     || total
---------------------------++-------
  Melee: Unarmed           ||    53
         Punch             ||     1
 Armour: Animal skin       ||    15
  Dodge: Dodged            ||    39
         Form:             ||     1
         Beast             ||     1

Levels and vault maps discovered:
D:1:      evilmike_arrival_crescent, layout_basic
D:2:      layout_basic

Notes
Turn   | Place    | Note
-------+----------+-------------------------------------------
     0 | D:1      | MackTheKnife the Demonspawn Shapeshifter began the quest
                  | for the Orb.
     0 | D:1      | Reached XP level 1. HP: 15/15 MP: 1/1
     0 | D:1      | magus.rc [v1.9.6]
   366 | D:1      | You add the spells Cigotuvi's Dreadful Rot, Ignite Poison
                  | and Freezing Cloud to your library.
   740 | D:1      | Reached skill level 3 in Unarmed Combat
   746 | D:1      | Gained mutation: You regenerate a little health from kills.
                  | [demonic ancestry]
   746 | D:1      | Reached XP level 2. HP: 21/21 MP: 2/2
   933 | D:2      | Reached skill level 3 in Shapeshifting
   987 | D:2      | HP: 5/21 [kobold/+0 club (2)]
   988 | D:2      | HP: 1/21 [ball python (2)]
   988 | D:2      | Constricted to death by a ball python

Vanquished Creatures
  A dart slug (D:1)
  4 ball pythons
  An endoplasm (D:2)
  2 giant cockroaches (D:2)
  4 goblins
  2 hobgoblins
  A bat (D:2)
  A kobold (D:2)
  3 rats
19 creatures vanquished.

Table legend:
 A = Non-vault XP
 B = Vault XP
 C = Vault XP percentage of total XP
 D = Non-vault monster count
 E = Vault monster count
 F = Vault count percentage of total count
                 A         B        C        D         E       F
            +---------+---------+-------+---------+---------+-------
      Total |      33 |       0 |   0.0 |      19 |       0 |   0.0
            +---------+---------+-------+---------+---------+-------
        D:1 |      13 |       0 |   0.0 |       6 |       0 |   0.0
        D:2 |      20 |       0 |   0.0 |      13 |       0 |   0.0
            +---------+---------+-------+---------+---------+-------

Skill      XL: |  1  2 |
---------------+-------+-----
Unarmed Combat | 3 |  3.2
Shapeshifting  | 3 |  3.0
Fighting       | |  1.0
Dodging        | |  1.7

Action                     || total
---------------------------++-------
  Melee: Unarmed           ||    53
         Punch             ||     1
 Armour: Animal skin       ||    15
  Dodge: Dodged            ||    39
         Form:             ||     1
         Beast             ||     1

Illustrated notes

Table legend:
 A = Kills in this place as a percentage of kills in the entire game.
 B = Kills by you in this place as a percentage of kills by you in the entire game.
 C = Kills by friends in this place as a percentage of kills by friends in the entire game.
 D = Other kills in this place as a percentage of other kills in the entire game.
 E = Experience gained in this place as a percentage of experience gained in the entire game.
 F = Experience gained in this place divided by the number of levels of this place that you have seen.
                   A       B       C       D       E      F
               +-------+-------+-------+-------+-------+----------------------
         Total | 100.0 | 100.0 |   N/A |   N/A | 100.0 |  16.5
       Dungeon | 100.0 | 100.0 |   N/A |   N/A | 100.0 |  16.5
               +-------+-------+-------+-------+-------+----------------------

Table legend: (Time is in decaauts)
 A = Elapsed time spent in this place.
 B = Non-inter-level travel time spent in this place.
 C = Inter-level travel time spent in this place.
 D = Time resting spent in this place.
 E = Time spent auto-exploring this place.
 F = Levels seen in this place.
 G = Mean time per level.
                   A        B        C        D        E       F      G
               +--------+--------+--------+--------+--------+-----+--------+
         Total |    987 |    976 |     11 |      0 |    828 |   2 |  493.5 |
       Dungeon |    987 |    976 |     11 |      0 |    828 |   2 |  493.5 |
               +--------+--------+--------+--------+--------+-----+--------+

Top non-repeatable levels by time:
     D:1: 831 daAuts
     D:2: 156 daAuts
